 Dungeon Crawl Stone Soup version 0.14-a0-1546-g4b4961f (webtiles) character file.

1282416 Illaniel the Meteorologist (level 27, -11/216 HPs)
             Began as a High Elf Skald on Dec 10, 2013.
             Was the Champion of Zin.
             Killed from afar by a starcursed mass (17 damage)
             ... with an accursed screaming
             ... on Level 5 of the Abyss on Dec 20, 2013.
             The game lasted 1day 00:53:26 (163917 turns).

Illaniel the Meteorologist (High Elf Skald)    Turns: 163917, Time: 1, 00:53:26

HP -11/216       AC 30     Str 15      XL: 27
MP  41/50        EV 32     Int 21 (26) God: Zin [******]
Gold 15222       SH  0     Dex 21      Spells: 14 memorised, 26 levels left

rFire  + + +     SeeInvis +     a - +9,+8 Blessed Blade
rCold  + + +     Clarity  .     J - +6 scale mail of the Realm of Zot {rElec rF++ rC+ Dex+3}
rNeg   + + .     Conserve +     (no shield)
rPois  +         rCorr    +     C - +0 helmet "Heedurph" {rElec rC++ Dex-2}
rElec  +         rRot     .     K - +1 elf cloak {rCorr, Cons}
SustAb . .       Spirit   .     F - +2 pair of orc gloves {Str+3}
rMut   .         Warding  +     y - +2 pair of boots {run}
Saprov . . .     Stasis   .     r - macabre finger necklace {Ward}
                                d - ring of regeneration
                                p - ring "Skosyon" {rPois rF+}
                                o - ring "Rileaff" {+Blink rElec rN+ Dam-1 SInv Stlth+}

@: deflect missiles, quick, very resistant to hostile enchantments, extremely
stealthy
A: no striking features
a: Recite, Vitalisation, Imprison, Sanctuary, Cure All Mutations, Renounce
Religion, Evoke Blink
}: 12/15 runes: barnacled, slimy, silver, iron, icy, abyssal, demonic, glowing,
magical, fiery, dark, gossamer


You were on level 5 of the Abyss.
You worshipped Zin.
Zin was exalted by your worship.
You were not hungry.

You visited 17 branches of the dungeon, and saw 85 of its levels.
You visited Pandemonium 7 times, and saw 42 of its levels.
You visited the Abyss 20 times.
You also visited: Trove, Sewer, Bailey, Volcano and Wizlab.

You collected 18881 gold pieces.
You spent 3341 gold pieces at shops.
You donated 318 gold pieces.

Inventory:

Hand weapons
 a - a +9,+8 Blessed Blade (weapon)
 c - the +11,+4 great sword "Scheojaw" {freeze, rF+ rC+ SInv}
   (Okawaru gifted it to you on level 4 of the Lair of Beasts)

   It has been specially enchanted to freeze those struck by it, causing extra
   injury to most foes and up to double damage against particularly susceptible
   opponents.
   It can also slow down cold-blooded creatures.
   It protects you from fire.
   It protects you from cold.
   It enhances your eyesight.
Armour
 y - a +2 pair of boots of running (worn)
 C - the +0 helmet "Heedurph" (worn) {rElec rC++ Dex-2}
   (You found it on level 8 of the Lair of Beasts)

   It affects your dexterity (-2).
   It greatly protects you from cold.
   It insulates you from electricity.
 F - a +2 pair of orcish gloves of strength (worn)
 J - the +6 scale mail of the Realm of Zot (worn) {rElec rF++ rC+ Dex+3}
   (You found it on level 12 of the Dungeon)

   It affects your dexterity (+3).
   It greatly protects you from fire.
   It protects you from cold.
   It insulates you from electricity.
 K - a +1 elven cloak of preservation (worn)
Magical devices
 e - a wand of digging (9)
 G - a wand of teleportation (6)
 L - a wand of heal wounds (4)
 Z - a wand of hasting (5)
Comestibles
 v - an apple
 x - 2 chokos
 N - a lychee
 S - a lemon
 T - a bread ration
 Y - a meat ration
Scrolls
 g - a scroll of recharging
 i - 3 scrolls of identify
 j - 3 scrolls of summoning
 k - 3 scrolls of amnesia
 q - a scroll of random uselessness
 t - 3 scrolls of remove curse
 u - a scroll of noise
 w - 2 scrolls of fog
 D - 2 scrolls of magic mapping
 E - 4 scrolls of teleportation
 H - 3 scrolls of blinking
 R - 7 scrolls of fear
 W - 4 scrolls of silence
Jewellery
 d - a ring of regeneration (right hand)
 o - the ring "Rileaff" (on amulet) {+Blink rElec rN+ Dam-1 SInv Stlth+}
   (You took it off a deep elf high priest on level 3 of the Elven Halls)

   [ring of positive energy]

   It affects your damage-dealing abilities (-1).
   It insulates you from electricity.
   It enhances your eyesight.
   It lets you blink.
   It makes you much more stealthy.
 p - the ring "Skosyon" (left hand) {rPois rF+}
   (You took it off a deep elf annihilator on level 3 of the Elven Halls)

   [ring of protection from fire]

   It protects you from poison.
 r - the macabre finger necklace (around neck) {Ward}
   (You found it on level 5 of the Depths)

   [amulet of warding]
 O - a +6 ring of evasion
 U - an uncursed ring of positive energy
Potions
 b - a potion of poison
 f - a potion of lignification
 h - 5 potions of heal wounds
 l - 4 potions of agility
 m - 5 potions of invisibility
 n - 4 potions of porridge
 s - 5 potions of flight
 z - a potion of speed
 A - a potion of brilliance
 B - 3 potions of berserk rage
 I - 3 potions of resistance
 M - 5 potions of magic
 Q - a potion of restore abilities
 V - 6 potions of curing


   Skills:
 * Level 24.8 Fighting
 + Level 26.2 Long Blades
 * Level 21.1 Armour
 O Level 27 Dodging
 - Level 12.0 Stealth
 O Level 27 Spellcasting
 - Level 3.0 Hexes
 + Level 25.0 Charms
 - Level 6.0 Summonings
 + Level 21.7 Translocations
 O Level 27 Air Magic
 + Level 18.8 Invocations
 - Level 1.0 Evocations


You had 26 spell levels left.
You knew the following spells:

 Your Spells              Type           Power        Failure   Level  Hunger
b - Song of Slaying       Chrm           #######.     0%          2    None
c - Spectral Weapon       Hex/Chrm       ######..     1%          3    None
d - Flight                Chrm/Air       #######...   0%          3    None
e - Haste                 Chrm           #######.     1%          6    None
f - Deflect Missiles      Chrm/Air       #######...   1%          6    None
h - Phase Shift           Tloc           #######...   0%          5    None
i - Airstrike             Air            #######...   0%          4    None
l - Tornado               Air            #######...   10%         9    #######
p - Apportation           Tloc           #######...   0%          1    None
t - Controlled Blink      Tloc           N/A          1%          7    ####...
x - Summon Butterflies    Summ           ######..     1%          1    None
z - Abjuration            Summ           ######....   1%          3    None
E - Swiftness             Chrm/Air       #######.     0%          2    None
P - Cure Poison           Pois           ####......   3%          2    None


Dungeon Overview and Level Annotations

Branches:
Dungeon (16/16)            Temple (1/1) D:6             Orc (4/4) D:11
    Elf (3/3) Orc:4          Lair (8/8) D:10         Shoals (5/5) Lair:5
 Spider (5/5) Lair:4        Slime (6/6) Lair:8       Vaults (5/5) D:14
  Blade (1/1) Vaults:3       Tomb (0/3) Forest:2       Hell (1/1)
    Dis (7/7) Hell            Geh (1/7) Hell            Coc (7/7) Hell
    Zot (4/5) Depths:6     Forest (5/5) Vaults:2     Depths (6/6) D:16
    Tar: Hell:1

Altars:
Ashenzari
Cheibriados
Elyvilon
Fedhas
Kikubaaqudgha
Makhleb
Nemelex Xobeh
Okawaru
Sif Muna
Trog
Vehumet
Xom
Yredelemnul
Zin
the Shining One
Beogh
Jiyva

Shops:
D:4 *   D:7 *   D:12 =?!**   Orc:3 [   Orc:4 /?([   Elf:1 ?   Shoals:3 :
Vaults:2 (   Vaults:4 *   Depths:1 ****   Depths:2 [

Portals:
Hell: Depths:1 Depths:2 Depths:3 Depths:4 Depths:5 Depths:6
Abyss: Depths:2 Depths:4
Pandemonium: Depths:3

Annotations:
Vaults:5 Mennas


Message History

The blast of cold misses you.
A soul eater comes into view.
A soul eater emerges from the beyond.
You are firmly grounded in the material plane once more.
You slice the soul eater!!
The soul eater convulses!
The soul eater is almost dead.
The soul eater misses you.
You hit the soul eater.
You kill the soul eater!
A cacophony of accursed wailing tears at your sanity!
* * * LOW HITPOINT WARNING * * *
A shadow wraith comes into view.
A shadow wraith appears in a shower of translocational energy.
A stone giant comes into view.
A cacophony of accursed wailing tears at your sanity!
Zin protects you from harm!
There is a gateway leading out of the Abyss here.
Eating a chunk of blink frog flesh.
This raw flesh tastes terrible.
A cacophony of accursed wailing tears at your sanity!
You die...

▒▒▒▒▒▒▒▒▒▒
▒▒∙∙∙∙X∙▒∙∙▒▒▒▒∙
▒∙∙∙@D▒∙∙▒▒▒▒∙ ∙
▒∙∙∙∙∙∙▒∙X∙∙X▒▒∙∙∙∙
∙∙∙∙∙∙∙▒∙∙∙∙X(X∙∙ ∙


∙∙∙∙∙∙∙∙∙∙XWXXX∙∙)∙ ▒∙∙∙∙∙▒▒▒▒C#X(%∙∙∙X ∙∙∙∙∙▒▒▒▒∙▒X%((∙)∙ ∙∙∙∙∙∙∙∙∙∙∙∙∙∙∙∙
∙∙∙∙▒ ∙∙∙∙(∙∙ X▒ ∙ ∙∙∙∙∙∙(∙∙∙∙∙) You could see 11 starcursed masses, an ice
dragon, a stone giant (wandering) and a shadow wraith (wandering).

Vanquished Creatures
  Antaeus (Coc:7)
  Cerebov (Pan)
  the royal jelly (Slime:6)
  Gloorx Vloq (Pan)
  Mnoleg (Pan)
  Lom Lobon (Pan)
  Dispater (Dis:7)
  3 ancient liches
  the Serpent of Hell (Coc:7)
  22 pandemonium lords (Pan)
  Saint Roka (Orc:4)
  Boris (thrice) (Forest:3 Blade Depths:5)
  9 golden dragons
  Geryon (Hell)
  3 curse toes
  Jory (Forest:3)
  2 profane servitors (Abyss:1)
  Frederick (Vaults:3)
  Nikola (Depths:2)
  20 Brimstone Fiends
  Arachne (Spider:2)
  19 bone dragons
  26 Hell Sentinels
  4 hellephants
  A Hellbinder (WizLab)
  21 tentacled monstrosities
  32 Ice Fiends
  Murray (Depths:1)
  17 liches
  2 deep elf master archers (Elf:3)
  6 titans
  7 thorn hunters
  5 quicksilver dragons
  10 Shadow Fiends
  21 acid blobs
  7 storm dragons
  45 Executioners
  Rupert (Shoals:1)
  Agnes (Spider:3)
  Frances (Forest:3)
  9 shadow dragons
  2 ancient champions (Abyss:1)
  3 revenants (Abyss:1)
  A draconian monk (Zot:2)
  2 sphinxes
  Ilsuiw (Shoals:5)
  4 tengu reavers
  2 draconian knights (Zot:3)
  13 deep elf sorcerers (Elf:3)
  Donald (Shoals:4)
  Wiglaf (Depths:1)
  12 fire giants
  10 azure jellies
  3 draconian scorchers
  56 balrugs
  18 frost giants
  6 orc warlords
  5 ghost moths
  11 vault wardens
  46 tentacled starspawn
  Aizul (Spider:3)
  8 iron dragons
  Louise (Spider:5)
  7 emperor scorpions
  4 draconian zealots
  Gastronok (Lair:1)
  An angel (Depths:2)
  3 draconian annihilators
  38 cacodemons
  Jorgrun (Spider:4)
  4 draconian shifters
  3 ancient bears
  61 stone giants
  4 treants
  8 spriggan defenders
  The ghost of Pr0man the Fencer, a powerful MiBe of Trog (Lair:8)
  2 greater nagas (Depths:2)
  2 grey draconians
  A vampire knight (Depths:1)
  2 apis
  7 draconian callers
  3 elemental wellsprings
  10 deep elf demonologists
  48 reapers
  4 dire elephants
  23 lorocyprocas
  5 yellow draconians
  9 deep elf annihilators
  Azrael (D:16)
  4 white draconians
  52 green deaths
  A phoenix (Depths:2)
  7 green draconians
  2 unborn (Abyss:1)
  4 pale draconians
  45 blizzard demons
  3 black draconians
  2 merfolk javelineers (Shoals:5)
  5 mottled draconians
  6 red draconians
  3 purple draconians
  25 ettins
  7 satyrs
  15 spriggan air magi
  A quicksilver dragon zombie (Abyss:1)
  16 fire dragons
  6 merfolk impalers
  A minotaur (Depths:2)
  2 sirens
  A death ooze (Slime:6)
  8 deep elf death magi
  7 deep elf high priests
  39 vault guards
  5 jiangshi (Abyss:1)
  A kraken zombie (Coc:7)
  33 yaktaur captains
  10 great orbs of eyes
  A quicksilver dragon skeleton (Abyss:1)
  Fannar (Elf:1)
  14 ironheart preservers
  21 ice dragons
  2 ravenous item mimics
  Harold (D:13)
  Josephine (Orc:2)
  3 ravenous feature mimics
  21 hydras
  3 merfolk aquamancers
  Nessos (Elf:1)
  Erica (Orc:2)
  An alligator snapping turtle (Abyss:1)
  6 death cobs
  3 anacondas
  18 deep troll earth magi
  6 spriggan enchanters
  3 alligators
  9 spriggan berserkers
  38 thrashing horrors
  7 spriggan assassins
  5 vampire magi (Abyss:1)
  23 dancing weapons
  2 orc high priests (Orc:4)
  16 deep troll shamans
  5 spectral elves
  29 wretched stars
  9 hell hogs
  21 ogre magi
  4 tengu warriors
  14 naga warriors
  Urug (Orc:4)
  4 plague shamblers
  44 hell knights
  17 rakshasas
  13 dryads
  31 very ugly things
  32 centaur warriors
  A catoblepas (Lair:7)
  9 water nymphs
  Nergalle (D:11)
  32 soul eaters
  A fire crab (Depths:2)
  20 iron trolls
  30 shadow demons
  A death drake (shapeshifter) (Abyss:1)
  20 deep elf knights
  80 sun demons
  31 fauns
  19 iron golems
  11 shadow wraiths
  2 titan skeletons (Geh:1)
  55 skeletal warriors
  5 death drakes
  13 spatial maelstroms (Abyss:1)
  7 flayed ghosts
  10 giant orange brains
  38 ice devils
  212 large abominations
  17 hill giants
  9 unseen horrors
  22 harpies
  9 sea snakes
  39 deep trolls
  3 ice statues
  A lindwurm (Depths:2)
  11 ironbrand convokers
  4 swamp dragons
  A swamp dragon (shapeshifter) (Depths:4)
  Pikel (D:6)
  3 flaming corpses (Abyss:1)
  A golden dragon skeleton (Geh:1)
  15 giant amoebae
  15 deep elf conjurers
  12 necromancers
  Joseph (Orc:4)
  A deathcap (Zot:1)
  6 griffons
  A draconian zombie (Zot:3)
  34 orc knights
  A crystal golem (Abyss:1)
  A wolf spider zombie (D:13)
  2 harpies (shapeshifter)
  33 wolf spiders
  16 hellions
  6 phantasmal warriors
  33 iron dragon zombies
  56 sixfirhies
  3 iron dragon skeletons
  26 cyclopes
  17 red wasps
  6 orc sorcerers
  4 stone golems (D:15)
  4 elephants
  9 black mambas
  6 hell beasts
  9 wizards
  3 deep dwarf berserkers
  5 oklob plants
  6 shining eyes
  A draconian skeleton (Zot:1)
  10 spiny worms
  2 griffons (shapeshifter)
  14 vault sentinels
  12 apocalypse crabs
  3 stone giant skeletons
  A guardian serpent (shapeshifter) (Abyss:1)
  14 moths of wrath
  8 deep elf summoners
  4 octopodes
  5 spriggan druids
  29 spirit wolves
  2 eyes of devastation
  A mottled draconian zombie (Zot:1)
  2 queen ants
  134 orange demons
  155 smoke demons
  A black mamba (shapeshifter) (D:14)
  A purple draconian zombie (Zot:1)
  12 spiny frogs
  2 feature mimics
  A black draconian zombie (Abyss:1)
  A formicid venom mage (Spider:3)
  96 yaktaurs
  The ghost of Yermak the Slasher, an experienced FoFi (D:4)
  10 komodo dragons
  5 guardian serpents
  29 tormentors
  23 ancient zymes
  26 orb spiders
  46 raiju
  A ghost moth simulacrum (Abyss:1)
  2 yaktaurs (shapeshifter)
  13 efreet
  A pale draconian skeleton (Abyss:1)
  6 fire drakes
  14 mermaids
  A mottled draconian skeleton (Zot:1)
  42 iron devils
  18 thorn lotuses
  35 demonic crawlers
  A spriggan (shapeshifter) (Vaults:2)
  A black draconian skeleton (Zot:1)
  30 two-headed ogres
  3 death drake zombies
  155 hellwings
  93 red devils
  A giant firefly (shapeshifter) (Vaults:3)
  5 wandering mushrooms
  3 tengu conjurers (Depths:1)
  7 naga magi
  19 deep elf priests
  39 spriggans
  42 blue devils
  11 trolls
  An iron troll skeleton (Abyss:1)
  A jumping spider (shapeshifter) (D:14)
  9 wind drakes
  A polar bear (Forest:5)
  A demonic crawler zombie (Pan)
  A queen bee (shapeshifter) (Elf:3)
  A troll (shapeshifter) (Depths:1)
  4 hydra skeletons
  A moth of wrath zombie (Zot:3)
  Prince Ribbit (Orc:1)
  29 giant fireflies
  A guardian serpent zombie (Abyss:1)
  8 boulder beetles
  3 giant leeches
  23 ice dragon zombies
  123 slime creatures
  3 death drake skeletons
  A bog body (Abyss:1)
  2 fire dragon zombies
  20 blink frogs
  An ettin zombie (Depths:4)
  26 jumping spiders
  16 snapping turtles
  28 ice dragon skeletons
  A basilisk (shapeshifter) (D:14)
  14 basilisks
  A raven (shapeshifter) (Vaults:5)
  53 flying skulls
  A guardian serpent skeleton (Abyss:1)
  12 brown oozes
  A grizzly bear (shapeshifter) (Abyss:2)
  56 redbacks
  4 removed MONS_FORMICID_DRONEs
  31 water elementals
  17 wraiths
  10 air elementals
  21 sharks
  A trapdoor spider (shapeshifter) (Depths:1)
  10 vampires
  7 grizzly bears
  43 tarantellas
  An ettin skeleton (Pan)
  58 yaks
  136 ynoxinuls
  A toenail golem (Abyss:1)
  11 trapdoor spiders
  127 ugly things
  3 fire bats (Abyss:1)
  A hog (D:14)
  5 elephant slugs
  40 metal gargoyles
  2 clay golems
  26 deep elf magi
  2 fire elementals (D:16)
  36 chaos spawn
  Eustachio (D:4)
  13 golden eyes
  8 hungry ghosts
  A fire bat (shapeshifter) (Abyss:1)
  16 hippogriffs
  11 shadows
  38 merfolk
  5 wyverns
  A steam dragon (D:11)
  2 tarantellas (shapeshifter)
  2 hill giant skeletons
  A hog (shapeshifter) (Depths:1)
  11 manticores
  A grey draconian simulacrum (Abyss:1)
  17 vampire mosquitoes
  120 neqoxecs
  A soldier ant (shapeshifter) (Vaults:3)
  32 deep elf fighters
  20 soldier ants
  A mottled dragon (D:16)
  5 swamp drakes (Abyss:1)
  10 porcupines
  13 spatial vortices (Abyss:1)
  39 wolves
  A red wasp simulacrum (D:15)
  6 kobold demonologists
  28 hell hounds
  32 freezing wraiths
  3 necrophages
  54 orc warriors
  A hydra simulacrum (Coc:6)
  15 ice beasts
  9 sky beasts
  3 phantoms
  3 slaves (D:6)
  A black bear (shapeshifter) (Depths:3)
  3 humans
  4 black bears (Lair:8)
  24 nagas
  9 yellow wasps
  123 small abominations
  9 tengu
  5 blink frog zombies
  A boring beetle (shapeshifter) (Abyss:5)
  72 ogres
  An ettin simulacrum (Hell)
  36 centaurs
  25 giant goldfish
  7 lava worms
  20 rotting devils
  3 boring beetles
  6 blink frog skeletons (Abyss:1)
  A lost soul (Elf:3)
  A warg (Orc:1)
  11 crocodiles
  5 big kobolds
  15 brain worms
  11 giant slugs
  3 elf zombies
  An octopode zombie (Abyss:1)
  Blork the orc (Orc:1)
  14 agate snails
  A big kobold (shapeshifter) (Vaults:4)
  A cyclops zombie (D:16)
  22 water moccasins
  2 yaktaur skeletons
  4 formicids
  29 giant frogs
  A gnoll sergeant (D:13)
  14 eyes of draining
  21 insubstantial wisps (Abyss:1)
  2 cyclops skeletons
  7 giant goldfish zombies
  4 killer bees (D:11)
  An orb spider zombie (Abyss:1)
  32 jellyfish
  8 shark zombies
  An eye of draining (shapeshifter) (Depths:3)
  4 lava fish
  43 wights
  11 electric eels
  A giant goldfish skeleton (Coc:1)
  A hippogriff skeleton (D:5)
  24 crimson imps
  4 quasits
  A yaktaur simulacrum (Abyss:1)
  29 iron imps
  23 goliath beetles
  13 lava snakes
  14 hounds
  30 jellies
  151 starcursed masses
  14 big fish
  An octopode simulacrum (Abyss:1)
  A giant frog zombie (D:11)
  39 orc wizards
  3 gnoll shamans (D:5)
  2 human skeletons
  5 human zombies
  40 orc priests
  2 two-headed ogre zombies (Depths:4)
  13 iguanas
  3 giant goldfish simulacra
  A basilisk skeleton (D:14)
  24 spiders
  93 worker ants
  9 scorpions
  5 orange rats (Hell)
  20 sheep
  Ijyb (D:4)
  A big kobold zombie (D:13)
  A big kobold skeleton (D:10)
  8 boggarts
  An ogre skeleton (D:8)
  6 mummies
  11 big fish zombies
  29 green rats
  10 orange rat zombies (Hell)
  4 orange rat skeletons (Hell)
  28 adders
  50 gnolls
  A green rat (shapeshifter) (Vaults:5)
  15 lemures
  2 big fish skeletons (Coc:3)
  6 giant mites
  6 giant centipedes
  A big fish simulacrum (Coc:6)
  2 goliath beetle zombies
  4 orange rat simulacra (Hell)
  3 shadow imps
  35 white imps
  7 worms
  130 ufetubi
  An adder skeleton (D:4)
  An adder zombie (D:5)
  An iguana skeleton (D:8)
  20 giant eyeballs
  9 giant geckos
  9 oozes
  215 orcs
  5 ball pythons
  16 grey rats (Sewer)
  16 hobgoblins
  41 jackals
  9 quokkas
  32 bats
  11 giant cockroaches
  8 giant newts
  2 giant spores
  34 goblins
  A goblin skeleton (Orc:2)
  A hobgoblin skeleton (D:8)
  A hobgoblin zombie (Orc:2)
  12 illusory rakshasas
  67 kobolds
  2 lurking horrors (Abyss:1)
  2 orc simulacra (Orc:2)
  An orc skeleton (Orc:4)
  4 orc zombies
  48 rats
  A rat skeleton (D:6)
  3 spectral orcs (D:11)
  10 ballistomycetes
  9 briar patches
  A bush (Lair:4)
  A butterfly (Slime:1)
  3 crawling corpses
  2 fungi (D:10)
  3 plants
  16 starspawn tentacles
  3 tentacles (Coc:7)
7488 creatures vanquished.

Vanquished Creatures (collateral kills)
  the Enchantress (Forest:5)
  A spriggan defender (Forest:5)
  A spriggan air mage (Forest:5)
  2 spriggans (Forest:5)
  3 ball lightnings (Pan)
  A spirit wolf (Forest:5)
  A giant firefly (Forest:5)
  2 thorn lotuses (Forest:5)
  2 grizzly bears (Forest:5)
  2 wolves (Lair:2)
16 creatures vanquished.

Vanquished Creatures (others)
  2 eldritch tentacles
  Kirke (Spider:1)
  A tengu reaver (Vaults:5)
  An apis (Abyss:1)
  An elemental wellspring (Forest:3)
  A green death (Pan)
  A vault guard (Vaults:5)
  3 yaktaur captains
  An ironheart preserver (Vaults:3)
  2 spriggan berserkers (Forest:5)
  A deep troll shaman (Depths:1)
  A spriggan enchanter (Forest:5)
  A naga warrior (Abyss:1)
  A dancing weapon (Blade)
  A centaur warrior (Vaults:1)
  2 ball lightnings
  A large abomination (Abyss:1)
  A necromancer (Hell)
  A deep elf conjurer (Elf:3)
  A vault sentinel (Vaults:5)
  A sixfirhy (Pan)
  A yaktaur (Depths:1)
  A fire drake (Depths:6)
  An ancient zyme (Abyss:1)
  A golden dragon simulacrum (Depths:2)
  A slime creature (Abyss:1)
  2 deep elf magi
  An air elemental (Abyss:2)
  A ynoxinul (Pan)
  A fire bat (Abyss:1)
  2 neqoxecs
  A human (Spider:1)
  4 deep elf fighters
  An ogre zombie (Depths:4)
  292 spectral weapons
  4 small abominations
  A naga (Depths:4)
  A brain worm (D:16)
  A warg (Vaults:5)
  An eye of draining (Pan)
  A wight (Geh:1)
  A snapping turtle simulacrum (Depths:2)
  A starcursed mass (Abyss:1)
  An orc priest (Orc:4)
  An orc wizard (Orc:4)
  A worker ant (Lair:5)
  A big fish zombie (Coc:1)
  10 ufetubi
  A giant gecko (Abyss:1)
  An orc (Vaults:5)
  A bat (Shoals:5)
  3 giant spores
  5 lurking horrors
  63 butterflies
  186 eldritch tentacle segments
  8 fungi
  4 pillars of salt (Pan)
  19 plants
  632 snaplasher vine segments
  80 starspawn tentacles
  504 starspawn tentacle segments
  19 tentacles (Coc:7)
  263 tentacle segments (Coc:7)
2150 creatures vanquished.

Grand Total: 9654 creatures vanquished

Notes
Turn   | Place    | Note
--------------------------------------------------------------
     0 | D:1      | Illaniel, the High Elf Skald, began the quest for the Orb.
     0 | D:1      | Reached XP level 1. HP: 14/14 MP: 4/4
   201 | D:1      | Reached XP level 2. HP: 14/19 MP: 3/6
   205 | D:1      | Learned a level 2 spell: Shroud of Golubria
   215 | D:1      | Reached skill level 1 in Armour
   428 | D:1      | Reached XP level 3. HP: 8/24 MP: 0/8
   437 | D:1      | Learned a level 3 spell: Regeneration
   562 | D:1      | Reached skill level 4 in Charms
  1334 | D:3      | Reached XP level 4. HP: 21/29 MP: 0/11
  1469 | D:4      | Found a shimmering altar of Xom.
  1486 | D:4      | Noticed Yermak's ghost (experienced FoFi)
  1488 | D:4      | Noticed an orc warrior
  1514 | D:4      | Noticed a phantom
  1558 | D:3      | Killed a phantom
  1558 | D:3      | Reached XP level 5. HP: 26/35 MP: 2/14
  1563 | D:3      | Learned a level 3 spell: Spectral Weapon
  1658 | D:5      | Entered Level 5 of the Dungeon
  1813 | D:4      | Found Katat's Assorted Antiques.
  1816 | D:4      | Noticed Ijyb
  1828 | D:4      | Killed Ijyb
  1833 | D:4      | Bought a scroll labeled YTAEHA QUULA for 18 gold pieces
  1833 | D:4      | Bought a scroll labeled XUZIOZALAAN for 18 gold pieces
  1833 | D:4      | Bought a scroll of noise for 18 gold pieces
  1849 | D:4      | Found a glowing drain.
  1890 | Sewer    | Entered a sewer
  2042 | Sewer    | Reached skill level 5 in Charms
  2042 | Sewer    | Reached XP level 6. HP: 34/41 MP: 0/17
  2984 | D:3      | Reached XP level 7. HP: 46/46 MP: 14/19
  3295 | D:4      | Killed Yermak's ghost
  3295 | D:4      | Reached skill level 5 in Long Blades
  3295 | D:4      | Reached skill level 6 in Charms
  3299 | D:4      | Learned a level 2 spell: Song of Slaying
  3321 | D:5      | Noticed a centaur
  3378 | D:5      | Killed a centaur
  3478 | D:6      | Reached XP level 8. HP: 35/52 MP: 13/21
  3499 | D:6      | Found a staircase to the Ecumenical Temple.
  3510 | D:6      | Found a shattered altar of Ashenzari.
  3666 | D:6      | Reached skill level 5 in Dodging
  3971 | D:7      | Found Awetaat's General Store.
  3975 | D:7      | Bought 7 curare-tipped needles for 46 gold pieces
  3975 | D:7      | Bought a potion of curing for 22 gold pieces
  3975 | D:7      | Bought a scroll of immolation for 38 gold pieces
  4043 | Temple   | Entered the Ecumenical Temple
  4059 | Temple   | Became a worshipper of Warmaster Okawaru
  4222 | D:6      | Reached skill level 7 in Charms
  4283 | D:5      | Noticed a sky beast
  4293 | D:5      | Killed a sky beast
  4316 | D:5      | Noticed an ogre
  4324 | D:5      | Killed an ogre
  4524 | D:5      | Acquired Okawaru's first power
  4585 | D:5      | Reached XP level 9. HP: 58/58 MP: 7/23
  4647 | D:4      | Noticed an ogre
  4657 | D:4      | Killed an orc warrior
  4663 | D:4      | Killed an ogre
  4756 | D:4      | Found a deep blue altar of Sif Muna.
  4804 | D:4      | Noticed Eustachio
  4823 | D:4      | Killed Eustachio
  4823 | D:4      | Reached skill level 5 in Spellcasting
  4823 | D:4      | Reached skill level 1 in Hexes
  4823 | D:4      | Reached skill level 1 in Translocations
  5075 | D:5      | Found a blossoming altar of Fedhas.
  5231 | D:5      | Reached skill level 1 in Stealth
  5576 | D:5      | Noticed an ogre
  5604 | D:5      | Reached skill level 1 in Invocations
  5620 | D:5      | Reached skill level 8 in Charms
  5633 | D:5      | Killed an ogre
  6189 | D:6      | Noticed Pikel
  6242 | D:6      | Killed Pikel
  6512 | D:6      | Reached XP level 10. HP: 45/65 MP: 15/25
  6534 | D:7      | Found a blossoming altar of Fedhas.
  6553 | D:7      | Got an ichor-stained longbow
  6554 | D:7      | Identified the +6,+6 longbow of Inference {flame, Str+1} (You found it on level 7 of the Dungeon)
  6890 | D:7      | Noticed a two-headed ogre
  6904 | D:7      | Upgraded the game from 0.14-a0-1388-g200237c to 0.14-a0-1403-g5d3c58f
  6909 | D:7      | Killed a two-headed ogre
  7279 | D:8      | Paralysed by a giant eyeball for 3 turns
  7392 | D:8      | Found a flagged portal.
  7430 | Bailey   | Entered a bailey
  8404 | D:8      | Reached skill level 5 in Fighting
  8542 | D:9      | Reached skill level 9 in Charms
  8977 | D:9      | Noticed a griffon
  8985 | D:9      | Killed a griffon
  9346 | D:10     | Entered Level 10 of the Dungeon
  9528 | D:10     | Noticed a hill giant
  9543 | D:10     | Killed a hill giant
  9543 | D:10     | Acquired Okawaru's second power
  9653 | D:10     | Reached XP level 11. HP: 68/72 MP: 24/27
  9803 | D:10     | Reached skill level 5 in Armour
  9868 | D:10     | Found a staircase to the Lair.
 10020 | Lair:1   | Entered Level 1 of the Lair of Beasts
 10068 | Lair:1   | Noticed a six-headed hydra
 10521 | Lair:2   | Reached skill level 10 in Charms
 10705 | Lair:2   | Received a gift from Okawaru
 10770 | Lair:2   | Reached skill level 10 in Long Blades
 10800 | Lair:1   | Noticed Gastronok
 11393 | Lair:2   | Found a dark tunnel.
 11419 | Lair:2   | Reached skill level 5 in Stealth
 11432 | Volcano  | Entered a volcano
 14067 | Lair:4   | Reached XP level 12. HP: 80/80 MP: 22/29
 14088 | Lair:4   | Found a hole to the Spider Nest.
 14291 | Lair:4   | Received a gift from Okawaru
 14808 | Lair:5   | Found a staircase to the Shoals.
 16625 | Lair:6   | Reached skill level 10 in Dodging
 16625 | Lair:6   | Reached skill level 11 in Charms
 16873 | Lair:6   | Got a smoking long sword
 16874 | Lair:6   | Identified the +6,+9 long sword of Smuzen {holy, rF++ rC+ Dex+2} (You found it on level 6 of the Lair of Beasts)
 17333 | Lair:5   | Reached skill level 5 in Invocations
 17563 | Lair:6   | Received a gift from Okawaru
 17622 | Lair:7   | Noticed an eight-headed hydra
 18419 | Lair:1   | Killed Gastronok
 18931 | D:11     | Reached XP level 13. HP: 59/86 MP: 23/31
 18933 | D:11     | Received a gift from Okawaru
 19486 | D:11     | Paralysed by a giant eyeball for 3 turns
 19495 | D:11     | You fall through a shaft for 3 floors!
 19673 | D:14     | Reached skill level 12 in Charms
 19685 | D:14     | Found a shimmering altar of Xom.
 19834 | D:11     | Noticed Nergalle
 19853 | D:11     | Killed Nergalle
 20035 | D:11     | Found a staircase to the Orcish Mines.
 20806 | D:12     | Found Qouw's Distillery.
 20863 | D:12     | Bought a potion of strong poison for 30 gold pieces
 20863 | D:12     | Bought a potion of flight for 45 gold pieces
 20863 | D:12     | Bought 2 potions of poison for 30 gold pieces
 20993 | D:12     | Received a gift from Okawaru
 21038 | D:12     | Found Brouxtiz's Assorted Antiques.
 21068 | D:12     | Bought a scroll labeled ZUDOZXAIWE for 40 gold pieces
 21089 | D:12     | Got a transparent scale mail
 21103 | D:12     | Identified the cursed +6 scale mail of the Realm of Zot {rElec rF++ rC+ Dex+3} (You found it on level 12 of the Dungeon)
 21145 | D:12     | Found Kasah's Assorted Antiques.
 21151 | D:12     | Bought a scroll of identify for 62 gold pieces
 21169 | D:12     | Found Staiq's Magic Scroll Boutique.
 21178 | D:12     | Bought a scroll of identify for 28 gold pieces
 21178 | D:12     | Bought a scroll of identify for 28 gold pieces
 21178 | D:12     | Bought a scroll of magic mapping for 49 gold pieces
 21193 | D:12     | Found Wuyvvoren's Jewellery Shop.
 21620 | Lair:1   | Killed a hydra
 22065 | Lair:7   | Killed a three-headed hydra
 22156 | Lair:7   | Received a gift from Okawaru
 22725 | Lair:8   | Entered Level 8 of the Lair of Beasts
 22928 | Lair:8   | Found a staircase to the Slime Pits.
 22948 | Lair:8   | Noticed Pr0man's ghost (powerful MiBe)
 22988 | Lair:8   | Killed Pr0man's ghost
 23036 | Lair:8   | Reached XP level 14. HP: 91/94 MP: 8/32
 23395 | Lair:8   | Received a gift from Okawaru
 24012 | Lair:8   | Reached skill level 13 in Charms
 24506 | Lair:8   | Got a fine helmet
 24509 | Lair:8   | Identified the +0 helmet "Heedurph" {rElec rC++ Dex-2} (You found it on level 8 of the Lair of Beasts)
 24950 | Orc:1    | Entered Level 1 of the Orcish Mines
 25045 | Orc:2    | Noticed Erica
 25447 | D:12     | Reached skill level 5 in Translocations
 25476 | D:13     | Received a gift from Okawaru
 25951 | D:13     | Noticed Harold
 25983 | D:13     | Killed Harold
 26148 | D:14     | Found a shimmering altar of Xom.
 26151 | D:14     | Found a shimmering altar of Xom.
 26217 | D:14     | Found a gate to the Vaults.
 26504 | D:14     | Received a gift from Okawaru
 26874 | Shoals:1 | Entered Level 1 of the Shoals
 26874 | Shoals:1 | Noticed Rupert
 26899 | Shoals:1 | Killed Rupert
 26903 | Shoals:1 | Reached XP level 15. HP: 55/100 MP: 18/34
 27463 | Shoals:2 | Reached XP level 16. HP: 107/107 MP: 35/35
 28311 | Shoals:3 | Found Lievvuic's Book Shoppe.
 28883 | Shoals:3 | Learned a level 1 spell: Apportation
 28886 | Shoals:3 | Learned a level 2 spell: Swiftness
 29010 | Shoals:4 | Reached skill level 14 in Charms
 29240 | Shoals:4 | Noticed Donald
 29256 | Shoals:4 | Killed Donald
 29521 | Shoals:4 | Reached skill level 1 in Air Magic
 29524 | Shoals:4 | Received a gift from Okawaru
 29525 | Shoals:4 | Got a crystal long sword {god gift}
 29556 | Shoals:4 | Identified the +3,+5 long sword of Okawaru's Outrage {slice, +Rage MR++ SInv} (Okawaru gifted it to you on level 4 of the Shoals)
 30075 | Orc:2    | Killed Erica
 30281 | Orc:1    | Found a roughly hewn altar of Beogh.
 30389 | Orc:1    | Noticed Blork the orc
 30406 | Orc:1    | Killed Blork the orc
 30459 | Orc:1    | Noticed Prince Ribbit
 30468 | Orc:1    | Killed Prince Ribbit
 30586 | Orc:1    | Found a shimmering altar of Xom.
 30910 | Orc:2    | Noticed Josephine
 30926 | Orc:2    | Killed Josephine
 31341 | Orc:3    | Found Yfep's Antique Armour Shoppe.
 31425 | Orc:3    | Bought a leather armour for 56 gold pieces
 31425 | Orc:3    | Bought a pair of embroidered gloves for 33 gold pieces
 31425 | Orc:3    | Bought a pair of embroidered boots for 42 gold pieces
 31434 | Orc:3    | Identified a +0 pair of boots of running (You bought it in a shop on level 3 of the Orcish Mines)
 31654 | Orc:3    | Found a roughly hewn altar of Beogh.
 31824 | Orc:4    | Entered Level 4 of the Orcish Mines
 31886 | Orc:4    | Found a staircase to the Elven Halls.
 32390 | Orc:4    | Noticed Urug
 32412 | Orc:4    | Killed Urug
 32415 | Orc:4    | Found a roughly hewn altar of Beogh.
 32416 | Orc:4    | Found Trixtas' Magical Wand Shop.
 32540 | Orc:4    | Noticed Joseph
 32556 | Orc:4    | Killed Joseph
 32610 | Orc:4    | Found a roughly hewn altar of Beogh.
 32909 | Orc:4    | Noticed Saint Roka
 33003 | Orc:4    | Killed Saint Roka
 33043 | Orc:4    | Found a roughly hewn altar of Beogh.
 33143 | Orc:4    | Reached skill level 10 in Spellcasting
 33217 | Orc:4    | Found a roughly hewn altar of Beogh.
 33223 | Orc:4    | Found Phiubal's Magic Scroll Emporium.
 33243 | Orc:4    | Bought a scroll of identify for 30 gold pieces
 33243 | Orc:4    | Bought a scroll of identify for 30 gold pieces
 33243 | Orc:4    | Bought a scroll of identify for 30 gold pieces
 33243 | Orc:4    | Bought a scroll of enchant armour for 82 gold pieces
 33298 | Orc:4    | Upgraded the game from 0.14-a0-1403-g5d3c58f to 0.14-a0-1413-g94b8a5e
 33355 | Orc:4    | Found Javuteej's Antique Weapon Shoppe.
 33355 | Orc:4    | Found a roughly hewn altar of Beogh.
 33357 | Orc:4    | Found Mnan Seafoni's Antique Armour Emporium.
 33843 | D:15     | Entered Level 15 of the Dungeon
 33856 | D:15     | Reached skill level 10 in Armour
 34118 | D:15     | Found a basalt altar of Yredelemnul.
 34469 | D:16     | Entered Level 16 of the Dungeon
 34595 | D:16     | Noticed Azrael
 34611 | D:16     | Killed Azrael
 34750 | D:16     | Received a gift from Okawaru
 34770 | D:16     | Got a steaming great sword {god gift}
 34771 | D:16     | Identified the +9,+5 great sword of Beyond {slice, +Blink +Inv rC+} (Okawaru gifted it to you on level 16 of the Dungeon)
 35104 | D:16     | Reached XP level 17. HP: 98/113 MP: 29/36
 35265 | D:16     | Found a staircase to the Depths.
 35400 | Depths:1 | Entered Level 1 of the Depths
 35487 | Depths:1 | Found a gateway to Hell.
 35824 | Depths:1 | Learned a level 2 spell: Blink
 35833 | Depths:1 | Learned a level 2 spell: Repel Missiles
 36571 | Shoals:5 | Entered Level 5 of the Shoals
 36712 | Shoals:5 | Noticed Ilsuiw
 36865 | Shoals:5 | Received a gift from Okawaru
 36865 | Shoals:5 | Reached skill level 15 in Long Blades
 37070 | Shoals:5 | Identified the Reference Book on the Boosting Glacier (You found it on level 5 of the Shoals)
 37092 | Shoals:5 | Learned a level 6 spell: Haste
 37295 | Shoals:5 | Reached skill level 15 in Charms
 38112 | Shoals:5 | Got a barnacled rune of Zot
 38222 | Shoals:5 | Killed Ilsuiw
 38565 | Shoals:1 | Reached skill level 10 in Fighting
 39152 | Elf:1    | Entered Level 1 of the Elven Halls
 39378 | Elf:1    | Noticed Fannar
 39385 | Elf:1    | Killed Fannar
 39511 | Elf:1    | Noticed Nessos
 39876 | Elf:1    | Found Maanidus' Magic Scroll Shoppe.
 39881 | Elf:1    | Bought 3 scrolls of identify for 72 gold pieces
 39881 | Elf:1    | Bought a scroll of teleportation for 36 gold pieces
 40072 | Elf:1    | Killed Nessos
 40123 | Elf:1    | Reached skill level 10 in Stealth
 40805 | Vaults:1 | Entered Level 1 of the Vaults
 41073 | Vaults:1 | Received a gift from Okawaru
 41214 | Vaults:1 | Reached XP level 18. HP: 78/120 MP: 9/37
 41813 | Orc:4    | Bought a wand of digging (11) for 510 gold pieces
 42863 | Spider:1 | Entered Level 1 of the Spider Nest
 42888 | Lair:4   | Received a gift from Okawaru
 42890 | Lair:4   | Got an ichor-stained great sword {god gift}
 42891 | Lair:4   | Identified the +11,+4 great sword "Scheojaw" {freeze, rF+ rC+ SInv} (Okawaru gifted it to you on level 4 of the Lair of Beasts)
 43141 | Spider:1 | Noticed Kirke
 43272 | Spider:1 | Killed Kirke
 43535 | Spider:1 | Reached skill level 16 in Long Blades
 43979 | Spider:2 | Got a jewelled scale mail
 44001 | Spider:2 | Identified the +1 scale mail "Qivekh" {rPois} (You found it on level 2 of the Spider Nest)
 44078 | Spider:2 | Noticed Arachne
 44092 | Spider:2 | Killed Arachne
 44861 | Spider:3 | Noticed Aizul
 44881 | Spider:3 | Killed Aizul
 44885 | Spider:3 | Noticed Agnes
 44901 | Spider:3 | Killed Agnes
 44901 | Spider:3 | Received a gift from Okawaru
 44962 | Spider:3 | Reached skill level 15 in Dodging
 45704 | Spider:4 | Reached skill level 10 in Invocations
 45995 | Spider:4 | Noticed Jorgrun
 46024 | Spider:4 | Killed Jorgrun
 46241 | Spider:5 | Entered Level 5 of the Spider Nest
 46320 | Spider:5 | Noticed Louise
 46338 | Spider:5 | Killed Louise
 46437 | Spider:5 | Identified a scroll of acquirement
 47410 | Spider:5 | Reached XP level 19. HP: 83/127 MP: 26/38
 47907 | Spider:5 | Received a gift from Okawaru
 47926 | Spider:5 | Reached skill level 5 in Air Magic
 47999 | Spider:5 | Got a gossamer rune of Zot
 49202 | Vaults:1 | Cast into the Abyss (vault warden)
 49680 | Abyss:1  | Found an iron altar of Okawaru.
 49871 | Vaults:1 | Escaped the Abyss
 50292 | Vaults:1 | Received a gift from Okawaru
 50678 | Vaults:2 | Upgraded the game from 0.14-a0-1413-g94b8a5e to 0.14-a0-1444-g21dc12d
 50990 | Vaults:2 | Found Cissaapt's Antique Weapon Boutique.
 51895 | Vaults:2 | Found a staircase to the Enchanted Forest.
 52544 | Vaults:3 | Noticed Frederick
 52561 | Vaults:3 | Killed Frederick
 53116 | Vaults:3 | Found a staircase to the Hall of Blades.
 53654 | Vaults:3 | Received a gift from Okawaru
 53774 | Vaults:3 | Reached XP level 20. HP: 126/136 MP: 14/39
 53864 | Vaults:3 | Reached skill level 10 in Air Magic
 54457 | Vaults:3 | Found a portal to a secret trove of treasure.
 54558 | Vaults:3 | Paralysed by a great orb of eyes for 5 turns
 55073 | Vaults:4 | Identified Schetocs' Reference Book on Attacks and Fire
 55599 | Vaults:4 | Received a gift from Okawaru
 55610 | Vaults:4 | Identified a +2 elven cloak of preservation (Okawaru gifted it to you on level 4 of the Vaults)
 55861 | Vaults:4 | Found Bracu's General Store.
 56892 | Forest:1 | Entered Level 1 of the Enchanted Forest
 56940 | Forest:1 | Got a brightly glowing robe
 56978 | Vaults:2 | Identified the +2 robe "Puluir" {+Inv rF+} (You found it on level 1 of the Enchanted Forest)
 57607 | Forest:1 | Reached skill level 15 in Air Magic
 58399 | Forest:2 | Reached XP level 21. HP: 68/143 MP: 7/40
 59197 | Forest:2 | Found a staircase to the Tomb.
 59324 | Forest:2 | Reached skill level 17 in Air Magic
 59698 | Lair:2   | Learned a level 5 spell: Phase Shift
 59899 | Elf:2    | Received a gift from Okawaru
 59900 | Elf:2    | Got a heavily runed helmet {god gift}
 59904 | Elf:2    | Identified the -2 helmet "Bri Mura" {Acc+4 Dam+3} (Okawaru gifted it to you on level 2 of the Elven Halls)
 60403 | Elf:3    | Entered Level 3 of the Elven Halls
 60407 | Elf:3    | Cast into the Abyss (deep elf demonologist)
 60407 | Abyss:1  | Found a corrupted altar of Lugonu.
 61287 | Abyss:1  | Reached skill level 10 in Translocations
 61351 | Abyss:1  | Got a dazzling leather armour
 61932 | Elf:3    | Escaped the Abyss
 62998 | Depths:1 | Noticed a tentacled monstrosity
 63007 | Depths:1 | Killed a tentacled monstrosity
 63092 | Depths:1 | Noticed a tentacled monstrosity
 63100 | Depths:1 | Killed a tentacled monstrosity
 63108 | Depths:1 | Received a gift from Okawaru
 63109 | Depths:1 | Got an iridescent lajatang {god gift}
 63151 | Depths:1 | Identified the +0 leather armour of Dyspraxia {Dex+3 Int-5} (You found it on level 1 of the Abyss)
 63578 | Depths:1 | Received a gift from Okawaru
 63732 | Depths:1 | Reached XP level 22. HP: 136/149 MP: 7/41
 63768 | Depths:1 | Found Frauc's General Store.
 63768 | Depths:1 | Found Irehezuq's Assorted Antiques.
 63856 | Depths:1 | Noticed a tentacled monstrosity
 63866 | Depths:1 | Killed a tentacled monstrosity
 63970 | Depths:1 | Noticed Wiglaf
 64031 | Depths:1 | Killed Wiglaf
 64198 | Depths:1 | Found Immenaugy's Assorted Antiques.
 64198 | Depths:1 | Found Poraem's General Store.
 64219 | Depths:1 | Bought a crude bronze ring for 1000 gold pieces
 64219 | Depths:1 | Bought a slimy sling for 260 gold pieces
 64655 | Lair:2   | Identified the ring "Jutoerphe" {+/*Tele Str+4} (You bought it in a shop on level 1 of the Depths)
 64807 | D:12     | Bought a hardcover book for 600 gold pieces
 64811 | D:12     | Learned a level 2 spell: Cure Poison
 67451 | Elf:2    | Received a gift from Okawaru
 68215 | Elf:3    | Got a shimmering granite ring
 68216 | Elf:3    | Got an encrusted great sword
 68230 | Elf:3    | Identified the ring of Jumatoy {+Fly Dex+3 Int+2} (You took it off a deep elf knight on level 3 of the Elven Halls)
 68230 | Elf:3    | Identified the cursed +1,+0 great sword of a bailey {flame, +Rage rPois SInv} (You took it off a deep elf knight on level 3 of the Elven Halls)
 68652 | Elf:3    | Got a wavering bone ring
 68655 | Elf:3    | Identified the ring "Skosyon" {rPois rF+} (You took it off a deep elf annihilator on level 3 of the Elven Halls)
 68707 | Elf:3    | Got a smoking bronze ring
 68740 | Elf:3    | Identified the ring "Rileaff" {+Blink rElec rN+ Dam-1 SInv Stlth+} (You took it off a deep elf high priest on level 3 of the Elven Halls)
 68748 | Elf:3    | Got a warped leather armour
 69057 | Elf:3    | Reached skill level 18 in Air Magic
 69238 | Elf:3    | Received a gift from Okawaru
 69239 | Elf:3    | Got a smoking great sword {god gift}
 69467 | Elf:3    | Learned a level 1 spell: Summon Butterflies
 69524 | Elf:3    | Identified the +4 leather armour of Stulur {Dex+5 Int+4} (You took it off a deep elf demonologist on level 3 of the Elven Halls)
 69544 | Elf:3    | Got a brightly glowing ring mail
 69558 | Elf:3    | Identified the cursed +5 ring mail "Laoxzo" {rF+} (You found it on level 3 of the Elven Halls)
 69559 | Elf:3    | Identified the +8,+4 great sword "Zaluug" {vamp, rC++ MR++} (Okawaru gifted it to you on level 3 of the Elven Halls)
 71236 | Forest:3 | Noticed Frances
 71290 | Forest:3 | Killed Frances
 71886 | Forest:3 | Paralysed by a spriggan assassin for 4 turns
 72009 | Forest:3 | Noticed Boris
 72058 | Forest:3 | Killed Boris
 72058 | Forest:3 | Reached XP level 23. HP: 49/156 MP: 11/42
 72189 | Forest:3 | Noticed Jory
 72223 | Forest:3 | Killed Jory
 72809 | Forest:4 | Paralysed by a spriggan assassin for 6 turns
 72844 | Forest:4 | Received a gift from Okawaru
 73720 | Forest:4 | Reached skill level 1 in Summonings
 74132 | Forest:5 | Entered Level 5 of the Enchanted Forest
 74148 | Forest:5 | Found a magical portal.
 74156 | WizLab   | Entered a wizard's laboratory
 74692 | WizLab   | Found a burning altar of Makhleb.
 74724 | WizLab   | Identified Sif Muna's Tome of the Escort
 74729 | WizLab   | Learned a level 3 spell: Abjuration
 74759 | WizLab   | Identified the Disquisition on the Entourage (You found it in a wizard's laboratory)
 74770 | WizLab   | Identified a +0 rod of demonology (13/13) (You found it in a wizard's laboratory)
 75723 | Forest:5 | TomPliss: Hey, can the spectral sword blink ?
 75784 | Forest:5 | Psiweapon: elf needs food badly
 76299 | Forest:5 | TomPliss: What is that vault ? o_O
 77059 | Forest:5 | Noticed the Enchantress
 77074 | Forest:5 | Killed the Enchantress
 77510 | Forest:5 | Got a steaming robe
 77521 | Forest:5 | Identified the +3 robe of the Butterfly {rN+ MR++} (You took it off a spriggan on level 5 of the Enchanted Forest)
 78193 | Lair:2   | Learned a level 7 spell: Controlled Blink
 78620 | Depths:1 | Learned a level 3 spell: Flight
 78761 | Depths:2 | Noticed Nikola
 78776 | Depths:2 | Killed Nikola
 79608 | Depths:2 | Found Treasch's Armour Shop.
 79649 | Depths:2 | Found a one-way gate to the infinite horrors of the Abyss.
 80003 | Depths:3 | Found a one-way gate leading to the halls of Pandemonium.
 80140 | Depths:3 | Reached XP level 24. HP: 123/164 MP: 16/43
 80429 | Depths:3 | Received a gift from Okawaru
 81981 | Depths:3 | Reached skill level 15 in Translocations
 82157 | Depths:3 | Reached skill level 15 in Spellcasting
 82489 | Depths:4 | Received a gift from Okawaru
 83526 | Depths:4 | Found an iron altar of Okawaru.
 83609 | Depths:4 | Identified Olgreb's Handbook of Poisoning (You found it on level 4 of the Depths)
 83611 | Depths:4 | Identified Zitiran's Collected Works on Summoning and Ice (You found it on level 4 of the Depths)
 84328 | Trove    | Entered a treasure trove
 84978 | Blade    | Entered the Hall of Blades
 85146 | Blade    | Noticed Boris
 85180 | Blade    | Killed Boris
 85310 | Blade    | Reached skill level 19 in Air Magic
 86644 | Slime:1  | Entered Level 1 of the Pits of Slime
 86672 | Slime:1  | Reached XP level 25. HP: 156/171 MP: 33/44
 86695 | Slime:1  | Was placed under penance by Okawaru
 87138 | Slime:2  | Paralysed by a giant eyeball for 4 turns
 87473 | Slime:2  | Was forgiven by Okawaru
 87965 | Slime:4  | Paralysed by a giant eyeball for 3 turns
 87976 | Slime:4  | Paralysed by a giant eyeball for 2 turns
 88601 | Slime:5  | Reached skill level 5 in Summonings
 88756 | Slime:5  | Paralysed by a giant eyeball for 3 turns
 88829 | Slime:5  | Gained mutation: You occasionally shout uncontrollably. [a shining eye]
 89080 | Slime:6  | Entered Level 6 of the Pits of Slime
 89095 | Slime:6  | Paralysed by a giant eyeball for 2 turns
 89438 | Slime:6  | Received a gift from Okawaru
 89581 | Slime:6  | Noticed the royal jelly
 89583 | Slime:6  | Found a viscous altar of Jiyva.
 89595 | Slime:6  | Killed the royal jelly
 89660 | Slime:6  | Got a slimy rune of Zot
 89663 | Slime:6  | Identified Vehumet's Disquisition on Blistering Battle Magic
 91141 | Depths:5 | Noticed Boris
 91157 | Depths:5 | Killed Boris
 91694 | Depths:5 | Got a shimmering leather armour
 91695 | Depths:5 | Identified the cursed -1 leather armour of Nejanod {Dex+2 Int-3} (You found it on level 5 of the Depths)
 92021 | Depths:5 | Reached skill level 15 in Armour
 92071 | Depths:5 | Reached XP level 26. HP: 141/180 MP: 41/45
 92102 | Depths:5 | Found a burning altar of Makhleb.
 93394 | Depths:6 | Entered Level 6 of the Depths
 93526 | Depths:6 | Received a gift from Okawaru
 94901 | Temple   | Fell from the grace of Okawaru
 94901 | Temple   | Became a worshipper of the Shining One
 95403 | Hell     | Entered the Vestibule of Hell
 95403 | Hell     | Noticed Geryon
 95413 | Hell     | Killed Geryon
 95416 | Hell     | Reached skill level 15 in Fighting
 95499 | Hell     | Acquired the Shining One's first power
 95527 | Hell     | Was placed under penance by the Shining One
 95552 | Hell     | Noticed Murray
 95575 | Depths:1 | Killed Murray
 96958 | Depths:1 | Was forgiven by the Shining One
 97551 | Hell     | Upgraded the game from 0.14-a0-1444-g21dc12d to 0.14-a0-1474-g1105da3
 97645 | Coc:1    | Entered Level 1 of Cocytus
 98229 | Dis:1    | Entered Level 1 of the Iron City of Dis
 98247 | Dis:1    | Acquired the Shining One's second power
 98787 | Dis:1    | Acquired the Shining One's third power
 99350 | Lair:2   | Was placed under penance by the Shining One
 99745 | Depths:2 | Voluntarily entered the Abyss.
 99751 | Abyss:1  | Found a corrupted altar of Lugonu.
 99790 | Abyss:1  | Noticed an ancient lich
 99812 | Abyss:1  | Killed an ancient lich
 99852 | Abyss:1  | Reached skill level 20 in Long Blades
 99882 | Abyss:1  | Found a corrupted altar of Lugonu.
100141 | Abyss:1  | Found a corrupted altar of Lugonu.
100256 | Abyss:1  | Reached XP level 27. HP: 120/188 MP: 21/46
100289 | Abyss:1  | Found a corrupted altar of Lugonu.
100291 | Abyss:1  | Noticed an ancient lich
100308 | Abyss:1  | Killed an ancient lich
100391 | Abyss:1  | Was forgiven by the Shining One
100420 | Abyss:1  | Gained mutation: You have sharp toenails. [a neqoxec]
100784 | Depths:2 | Escaped the Abyss
100805 | Depths:2 | Voluntarily entered the Abyss.
100866 | Abyss:1  | Paralysed by you for 7 turns
101038 | Abyss:1  | Acquired the Shining One's fourth power
101371 | Abyss:1  | Found a sparkling altar of Nemelex Xobeh.
101391 | Depths:2 | Escaped the Abyss
101412 | Depths:2 | Voluntarily entered the Abyss.
101639 | Abyss:1  | Paralysed by a giant eyeball for 4 turns
102233 | Abyss:1  | Found a deep blue altar of Sif Muna.
102599 | Abyss:1  | Found an ancient bone altar of Kikubaaqudgha.
102611 | Abyss:1  | Found an ancient bone altar of Kikubaaqudgha.
102625 | Abyss:1  | Found an ancient bone altar of Kikubaaqudgha.
103169 | Depths:2 | Escaped the Abyss
103186 | Depths:2 | Voluntarily entered the Abyss.
103632 | Abyss:1  | Identified the Almanac of Displacement and Self-Improvement (You found it on level 1 of the Abyss)
103729 | Abyss:1  | Paralysed by a giant eyeball for 3 turns
104154 | Depths:2 | Escaped the Abyss
104693 | Temple   | Identified a +8,+8 Blessed Blade (a +8,+7 triple sword of holy wrath blessed by the Shining One)
104718 | Temple   | Fell from the grace of the Shining One
104718 | Temple   | Became a worshipper of Zin the Law-Giver
104718 | Temple   | Acquired Zin's first power
104718 | Temple   | Acquired Zin's second power
104718 | Temple   | Acquired Zin's third power
104908 | Lair:2   | Lost mutation: You have sharp toenails. [potion of cure mutation]
104908 | Lair:2   | Lost mutation: You occasionally shout uncontrollably. [potion of cure mutation]
105229 | Depths:2 | Voluntarily entered the Abyss.
105357 | Abyss:1  | Learned a level 6 spell: Deflect Missiles
105401 | Abyss:1  | Paralysed by accursed screaming for 2 turns
105497 | Abyss:1  | Acquired Zin's fourth power
106224 | Abyss:2  | Found a corrupted altar of Lugonu.
106407 | Depths:2 | Escaped the Abyss
106434 | Depths:2 | Voluntarily entered the Abyss.
106480 | Abyss:1  | Reached skill level 21 in Long Blades
106564 | Abyss:1  | Paralysed by accursed screaming for 1 turns
106730 | Abyss:2  | Found a corrupted altar of Lugonu.
106775 | Abyss:2  | Got a pair of pitted gloves
106781 | Abyss:2  | Identified the +0 pair of gloves "Resauxt" {rPois} (You found it on level 2 of the Abyss)
106844 | Abyss:2  | Found a deep blue altar of Sif Muna.
106994 | Abyss:2  | Found an iron altar of Okawaru.
107444 | Abyss:2  | Psiweapon: lol tat sword obliterates everuthing
107684 | Abyss:3  | Psiweapon: HAHAHA TROLL GATE
107688 | Abyss:4  | Psiweapon: lugonu wants you OUT
107872 | Abyss:4  | Got an abyssal rune of Zot
108010 | Abyss:4  | Found a basalt altar of Yredelemnul.
108011 | Abyss:4  | Found a snail-covered altar of Cheibriados.
108011 | Abyss:4  | Found a blossoming altar of Fedhas.
108013 | Abyss:4  | Found an iron altar of Okawaru.
108013 | Abyss:4  | Found a sparkling altar of Nemelex Xobeh.
108013 | Abyss:4  | Found a radiant altar of Vehumet.
108014 | Abyss:4  | Found a deep blue altar of Sif Muna.
108014 | Abyss:4  | Found a bloodstained altar of Trog.
108014 | Abyss:4  | Found a glowing silver altar of Zin.
108022 | Abyss:4  | Found a shimmering altar of Xom.
108023 | Abyss:4  | Found a burning altar of Makhleb.
108023 | Abyss:4  | Found a white marble altar of Elyvilon.
108024 | Abyss:4  | Found a glowing golden altar of the Shining One.
108025 | Abyss:4  | Found a shattered altar of Ashenzari.
108025 | Abyss:4  | Found an ancient bone altar of Kikubaaqudgha.
108183 | Depths:2 | Escaped the Abyss
108540 | Pan      | Entered Pandemonium
108704 | Pan      | Noticed Najesef the pandemonium lord
108734 | Pan      | Killed Najesef the pandemonium lord
110109 | Pan      | Noticed Qybobase the pandemonium lord
110120 | Pan      | Killed Qybobase the pandemonium lord
110127 | Pan      | HP: 5/192 [Hell Sentinel/iron shot (15)]
110140 | Pan      | Got a demonic rune of Zot
111095 | Pan      | Found a gateway to a ziggurat.
111933 | Pan      | Noticed Shryraorph the pandemonium lord
112420 | Pan      | Found a gateway to a ziggurat.
112767 | Pan      | Noticed Klochuwn the pandemonium lord
112790 | Pan      | Killed Klochuwn the pandemonium lord
113159 | Pan      | Reached skill level 22 in Long Blades
114243 | Pan      | Identified the Papyrus of Confrontation (You found it in Pandemonium)
114729 | Pan      | Found an exit through the horrors of the Abyss.
114758 | Pan      | Took an exit into the Abyss.
114758 | Abyss:1  | Escaped into the Abyss
114758 | Abyss:1  | Found a corrupted altar of Lugonu.
114808 | Depths:3 | Escaped the Abyss
115173 | Vaults:5 | Entered Level 5 of the Vaults
115893 | Vaults:5 | Noticed Mennas
116283 | Vaults:5 | Got a silver rune of Zot
116624 | Vaults:5 | Was forgiven by Okawaru
117244 | Vaults:5 | Identified Gro Qele's Easy Theurgy (You found it on level 5 of the Vaults)
117702 | Depths:2 | Voluntarily entered the Abyss.
117705 | Abyss:1  | Found a corrupted altar of Lugonu.
117917 | Abyss:1  | Found a basalt altar of Yredelemnul.
117988 | Abyss:1  | Paralysed by accursed screaming for 2 turns
118281 | Abyss:1  | Found an ancient bone altar of Kikubaaqudgha.
118493 | Depths:2 | Escaped the Abyss
118796 | Depths:2 | Voluntarily entered the Abyss.
119417 | Abyss:1  | Reached skill level 23 in Long Blades
120599 | Depths:2 | Escaped the Abyss
120844 | Zot:1    | Entered Level 1 of the Realm of Zot
120974 | Zot:1    | Learned a level 9 spell: Tornado
122457 | Zot:1    | Got a twitching wooden ring
122481 | Zot:1    | Identified the ring "Pniux" {Wiz +Rage MR+ Str+2 Dex+1} (You found it on level 1 of the Realm of Zot)
124197 | Zot:3    | Got a smoking wooden ring
124210 | Zot:3    | Identified the ring of Creem {+Fly Str+1 Int+3} (You found it on level 3 of the Realm of Zot)
125338 | Pan      | Entered Pandemonium
125982 | Pan      | Reached skill level 15 in Invocations
126218 | Pan      | Noticed Middiq the pandemonium lord
126237 | Pan      | Killed Middiq the pandemonium lord
126237 | Pan      | Reached skill level 24 in Air Magic
126303 | Pan      | Got a fine scale mail
126304 | Pan      | Identified the cursed -2 scale mail of Trial and Error {rN+ MR+ Dam+4} (You found it in Pandemonium)
126557 | Pan      | Got a brightly glowing robe
126558 | Pan      | Identified the cursed +0 robe of Dys Ghy {rC+} (You found it in Pandemonium)
126595 | Pan      | Found an exit through the horrors of the Abyss.
126697 | Pan      | Found an exit through the horrors of the Abyss.
127203 | Pan      | Noticed Hayw the pandemonium lord
127213 | Pan      | Killed Hayw the pandemonium lord
127229 | Pan      | Got a transparent pearl dragon armour
127230 | Pan      | Identified the +8 pearl dragon armour "Forget-Me-Not" {rN+ Int-4} (You found it in Pandemonium)
127542 | Pan      | Noticed Shrimnug the pandemonium lord
127547 | Pan      | Killed Shrimnug the pandemonium lord
127767 | Depths:3 | Escaped Pandemonium
127881 | Pan      | Entered Pandemonium
127893 | Pan      | Noticed Hupniug the pandemonium lord
127901 | Pan      | Killed Hupniug the pandemonium lord
127901 | Pan      | Reached skill level 25 in Air Magic
128139 | Pan      | Found an exit through the horrors of the Abyss.
128493 | Pan      | Noticed Emus Klega the pandemonium lord
128504 | Pan      | Killed Emus Klega the pandemonium lord
129299 | Pan      | Reached skill level 26 in Air Magic
130039 | Pan      | Noticed Qoog the pandemonium lord
130051 | Pan      | Killed Qoog the pandemonium lord
130394 | Pan      | Noticed Pnokhlo the pandemonium lord
130396 | Pan      | Killed Pnokhlo the pandemonium lord
130413 | Depths:3 | Escaped Pandemonium
130414 | Depths:3 | Upgraded the game from 0.14-a0-1474-g1105da3 to 0.14-a0-1499-g388a102
130422 | Pan      | Entered Pandemonium
130660 | Pan      | Reached skill level 27 in Air Magic
130669 | Pan      | Noticed Jucynyh the pandemonium lord
130675 | Pan      | Killed Jucynyh the pandemonium lord
131404 | Pan      | Noticed Gehi the pandemonium lord
131452 | Pan      | Killed Gehi the pandemonium lord
131839 | Pan      | Found a gateway to a ziggurat.
131839 | Pan      | Noticed an ancient lich
131857 | Pan      | Killed an ancient lich
132566 | Pan      | Entered the realm of Gloorx Vloq.
133070 | Pan      | Noticed Gloorx Vloq
133097 | Pan      | Killed Gloorx Vloq
133099 | Pan      | Got a dark rune of Zot
133756 | Pan      | Entered the realm of Lom Lobon.
134291 | Pan      | Noticed Lom Lobon
134305 | Pan      | Killed Lom Lobon
134320 | Pan      | Got a magical rune of Zot
134923 | Pan      | Reached skill level 27 in Spellcasting
135123 | Pan      | Found an exit through the horrors of the Abyss.
135386 | Pan      | Took an exit into the Abyss.
135386 | Abyss:1  | Escaped into the Abyss
135475 | Abyss:1  | Noticed an ancient lich
135493 | Depths:3 | Escaped the Abyss
136789 | Coc:7    | Entered Level 7 of Cocytus
137100 | Coc:7    | Noticed the Serpent of Hell
137113 | Coc:7    | Killed the Serpent of Hell
137301 | Coc:7    | Noticed Antaeus
138592 | Depths:1 | Bought a scroll of enchant weapon II for 88 gold pieces
138660 | Depths:2 | Voluntarily entered the Abyss.
139781 | Depths:2 | Escaped the Abyss
139783 | Depths:2 | Voluntarily entered the Abyss.
139794 | Abyss:1  | Found a corrupted altar of Lugonu.
140052 | Depths:2 | Escaped the Abyss
140589 | Coc:7    | Killed Antaeus
140591 | Coc:7    | Got an ivory quarterstaff
140634 | Coc:7    | Got an icy rune of Zot
140896 | Hell     | Upgraded the game from 0.14-a0-1499-g388a102 to 0.14-a0-1519-gc5e2f7f
141670 | Dis:7    | Entered Level 7 of the Iron City of Dis
142888 | Dis:7    | Identified the Grimoire of Flamy Attacks (You found it on level 7 of the Iron City of Dis)
143135 | Dis:7    | Got a scintillating silver ring
143136 | Dis:7    | Identified the ring of Ingamif {Str+3 Dex+3 Acc+3} (You found it on level 7 of the Iron City of Dis)
143615 | Dis:7    | Noticed Dispater
143658 | Dis:7    | Killed Dispater
143716 | Dis:7    | Got an iron rune of Zot
143935 | Depths:2 | Voluntarily entered the Abyss.
144428 | Abyss:2  | Paralysed by accursed screaming for 1 turns
144663 | Depths:2 | Escaped the Abyss
144685 | Depths:2 | Voluntarily entered the Abyss.
144933 | Abyss:1  | Upgraded the game from 0.14-a0-1519-gc5e2f7f to 0.14-a0-1522-g6c286a4
145770 | Depths:2 | Escaped the Abyss
145834 | Pan      | Entered Pandemonium
145866 | Pan      | Found a gateway to a ziggurat.
145930 | Pan      | Found an exit through the horrors of the Abyss.
147006 | Pan      | Noticed Craukali the pandemonium lord
147019 | Pan      | Killed Craukali the pandemonium lord
147887 | Pan      | Entered the realm of Mnoleg.
148598 | Pan      | Noticed Mnoleg
148636 | Pan      | Killed Mnoleg
148647 | Pan      | Gained mutation: You digest meat inefficiently. [mutagenic glow]
148878 | Pan      | Got a glowing rune of Zot
149130 | Pan      | Noticed Panixzau the pandemonium lord
149159 | Pan      | Killed Panixzau the pandemonium lord
149175 | Pan      | HP: 10/209 [Brimstone Fiend/blast of hellfire[a shadow demon] (31)]
149565 | Pan      | Found a gateway to a ziggurat.
149565 | Pan      | Noticed an ancient lich
149802 | Pan      | Noticed Ogis the pandemonium lord
149817 | Pan      | Killed Ogis the pandemonium lord
150070 | Pan      | Noticed Hoheut Ciymm the pandemonium lord
150081 | Pan      | Killed Hoheut Ciymm the pandemonium lord
150541 | Pan      | Entered the realm of Cerebov.
150660 | Pan      | Got a warped pewter ring
150679 | Pan      | Identified the ring "Wykh" {Contam Int+2} (You found it in Pandemonium)
151473 | Pan      | Noticed Cerebov
151522 | Pan      | Killed Cerebov
151614 | Pan      | Identified the Collected Works on Attacks and Ignition
151699 | Pan      | Got a pair of faintly humming boots
151700 | Pan      | Identified the +2 pair of boots "Xoqon" {Dex-2 Int+5} (You found it in Pandemonium)
151746 | Pan      | Got a fiery rune of Zot
151837 | Pan      | Noticed Friuzaro the pandemonium lord
151851 | Pan      | Killed Friuzaro the pandemonium lord
152168 | Pan      | Found an exit through the horrors of the Abyss.
152422 | Pan      | Took an exit into the Abyss.
152422 | Abyss:1  | Escaped into the Abyss
152452 | Depths:3 | Escaped the Abyss
152463 | Depths:3 | Lost mutation: You digest meat inefficiently. [potion of cure mutation]
153214 | Pan      | Entered Pandemonium
153265 | Pan      | Noticed Yshapoec the pandemonium lord
153280 | Pan      | Killed Yshapoec the pandemonium lord
153380 | Pan      | Reached skill level 1 in Evocations
153979 | Pan      | Got a heavy robe
153980 | Pan      | Identified the cursed -1 robe of Altruism {rN+ MR++} (You found it in Pandemonium)
154001 | Pan      | Noticed Inlaanna the pandemonium lord
154021 | Pan      | Killed Inlaanna the pandemonium lord
154439 | Depths:3 | Escaped Pandemonium
154443 | Pan      | Entered Pandemonium
154806 | Pan      | Noticed Chuchupi the pandemonium lord
154856 | Pan      | Killed Chuchupi the pandemonium lord
156047 | Pan      | Noticed Sunlihuv the pandemonium lord
156328 | Pan      | Killed Sunlihuv the pandemonium lord
156905 | Pan      | Learned a level 4 spell: Airstrike
156912 | Pan      | Learned a level 6 spell: Conjure Ball Lightning
158534 | Pan      | Got a twitching jade ring
158539 | Pan      | Identified the ring "Nyrouhy" {MR Str+2 Int+4} (You found it in Pandemonium)
158647 | Pan      | Noticed Pnoofora the pandemonium lord
158676 | Pan      | Got a slimy amber ring
158680 | Pan      | Identified the ring of Twilight {SustAb rPois} (You found it in Pandemonium)
158706 | Pan      | Killed Pnoofora the pandemonium lord
158851 | Depths:3 | Escaped Pandemonium
158917 | Geh:1    | Entered Level 1 of Gehenna
159209 | Depths:2 | Voluntarily entered the Abyss.
159211 | Abyss:1  | Found a blossoming altar of Fedhas.
159290 | Abyss:1  | Found a corrupted altar of Lugonu.
160320 | Depths:2 | Escaped the Abyss
160322 | Depths:2 | Voluntarily entered the Abyss.
160391 | Abyss:1  | Paralysed by you for 6 turns
160776 | Abyss:1  | Found a sparkling altar of Nemelex Xobeh.
161687 | Abyss:2  | Found an iron altar of Okawaru.
161875 | Abyss:2  | Upgraded the game from 0.14-a0-1522-g6c286a4 to 0.14-a0-1527-g89529d6
161976 | Abyss:2  | Found a shimmering altar of Xom.
161978 | Abyss:2  | Found a shimmering altar of Xom.
161979 | Abyss:2  | Found a shimmering altar of Xom.
161979 | Abyss:2  | Found a shimmering altar of Xom.
161979 | Abyss:2  | Found a corrupted altar of Lugonu.
161980 | Abyss:2  | Found a shimmering altar of Xom.
161980 | Abyss:2  | Found a shimmering altar of Xom.
161980 | Abyss:2  | Found a shimmering altar of Xom.
161981 | Abyss:2  | Found a shimmering altar of Xom.
161981 | Abyss:2  | Found a shimmering altar of Xom.
161981 | Abyss:2  | Found a shimmering altar of Xom.
161982 | Abyss:2  | Found a shimmering altar of Xom.
161983 | Abyss:2  | Found a shimmering altar of Xom.
162035 | Abyss:2  | Upgraded the game from 0.14-a0-1527-g89529d6 to 0.14-a0-1546-g4b4961f
162243 | Abyss:2  | Paralysed by accursed screaming for 1 turns
162606 | Abyss:2  | Paralysed by a spriggan assassin for 5 turns
162817 | Depths:2 | Escaped the Abyss
162844 | Depths:2 | Voluntarily entered the Abyss.
163493 | Abyss:2  | Reached skill level 27 in Dodging
163508 | Abyss:2  | Paralysed by a giant eyeball for 2 turns
163675 | Abyss:5  | Entered Level 5 of the Abyss
163904 | Abyss:5  | Paralysed by accursed screaming for 2 turns
163906 | Abyss:5  | HP: 10/216 [ice dragon (9)]
163914 | Abyss:5  | HP: 3/216 [starcursed mass/accursed screaming (12)]
163916 | Abyss:5  | Zin protects you from harm!
163917 | Abyss:5  | Killed from afar by a starcursed mass

Action                   |  1- 3 |  4- 6 |  7- 9 | 10-12 | 13-15 | 16-18 | 19-21 | 22-24 | 25-27 || total
-------------------------+-------+-------+-------+-------+-------+-------+-------+-------+-------++-------
Melee: Falchion          |   151 |   220 |   486 |    12 |    12 |       |       |       |       ||   881
       Long sword        |       |       |    14 |   658 |   842 |  1067 |    10 |   649 |       ||  3240
       Scimitar          |       |       |       |    54 |       |       |    23 |     3 |       ||    80
       Great sword       |       |       |       |   181 |     1 |  1088 |  1833 |  1332 |   203 ||  4638
       Rod               |       |       |       |       |       |       |       |     6 |       ||     6
       Claymore          |       |       |       |       |       |       |       |     6 |  1788 ||  1794
       Blessed claymore  |       |       |       |       |       |       |       |       |  7055 ||  7055
       Unarmed           |       |       |       |       |       |       |       |       |    15 ||    15
 Fire: Blowgun           |       |       |    17 |   124 |     9 |    10 |     6 |     5 |     4 ||   175
       Longbow           |       |       |       |     7 |       |       |       |       |       ||     7
Throw: Dart              |       |       |     7 |     1 |     9 |       |       |       |       ||    17
 Cast: Infusion          |    22 |    24 |    49 |   119 |    81 |   172 |   150 |   161 |   136 ||   914
       Shroud of Golubri |    11 |    13 |    31 |    61 |    37 |   127 |    73 |       |       ||   353
       Regeneration      |     2 |     2 |     5 |    17 |    16 |    53 |    44 |    81 |    24 ||   244
       Spectral Weapon   |       |    13 |    54 |   126 |   107 |   259 |   228 |   261 |   973 ||  2021
       Song of Slaying   |       |       |     6 |    19 |    21 |    52 |    30 |    17 |    97 ||   242
       Swiftness         |       |       |       |       |       |     3 |       |     1 |       ||     4
       Repel Missiles    |       |       |       |       |       |    50 |    86 |    94 |    83 ||   313
       Blink             |       |       |       |       |       |    19 |     5 |    27 |    18 ||    69
       Haste             |       |       |       |       |       |     7 |     9 |    13 |    32 ||    61
       Apportation       |       |       |       |       |       |       |     4 |     2 |     5 ||    11
       Phase Shift       |       |       |       |       |       |       |    18 |   167 |   369 ||   554
       Cure Poison       |       |       |       |       |       |       |       |    13 |    42 ||    55
       Summon Butterflie |       |       |       |       |       |       |       |    22 |    11 ||    33
       Deflect Missiles  |       |       |       |       |       |       |       |       |   199 ||   199
       Controlled Blink  |       |       |       |       |       |       |       |       |    51 ||    51
       Flight            |       |       |       |       |       |       |       |       |    44 ||    44
       Tornado           |       |       |       |       |       |       |       |       |    26 ||    26
       Airstrike         |       |       |       |       |       |       |       |       |    11 ||    11
       Conjure Ball Ligh |       |       |       |       |       |       |       |       |     5 ||     5
Invok: Heroism           |       |       |     1 |     6 |     5 |    25 |    14 |    25 |     7 ||    83
       Finesse           |       |       |       |       |     2 |    10 |     5 |     5 |     1 ||    23
       Vitalisation      |       |       |       |       |       |       |       |       |    35 ||    35
       Recite            |       |       |       |       |       |       |       |       |    20 ||    20
       Sanctuary         |       |       |       |       |       |       |       |       |     2 ||     2
       Imprison          |       |       |       |       |       |       |       |       |     1 ||     1
 Abil: Stop Singing      |       |       |       |       |       |       |     2 |       |     2 ||     4
Evoke: Wand              |       |       |     2 |     3 |     3 |    18 |     9 |    10 |    76 ||   121
       horn of Geryon    |       |       |       |       |       |       |       |       |     1 ||     1
  Use: Scroll            |       |     9 |     1 |    18 |    15 |    28 |    22 |    62 |    97 ||   252
       Potion            |       |       |     3 |     3 |     6 |    31 |    12 |    16 |    61 ||   132
 Stab: Distracted        |       |     1 |     6 |     7 |    24 |    51 |    29 |    61 |   175 ||   354
       Sleeping          |       |       |       |    13 |     7 |    17 |    16 |    13 |    51 ||   117
       Petrifying        |       |       |       |       |     1 |       |       |       |       ||     1
       Paralysed         |       |       |       |       |     1 |       |       |       |       ||     1
       Invisible         |       |       |       |       |       |     2 |    10 |       |     1 ||    13
